 Dungeon Crawl Stone Soup version 0.21.0 (webtiles) character file.

86 inmateoo the Insei (level 4, 0/33 HPs)
             Began as a Demonspawn Transmuter on Jan 8, 2018.
             Slain by Grinder (5 damage)
             ... while paralysed by Grinder
             ... on level 3 of the Dungeon.
             The game lasted 00:05:36 (1424 turns).

inmateoo the Insei (Demonspawn Transmuter)          Turns: 1424, Time: 00:05:37

Health: 0/33       AC:  7    Str: 10    XL:     4   Next: 26%
Magic:  2/7        EV:  2    Int: 15    God:
Gold:   54         SH:  0    Dex: 14    Spells: 4/7 levels left

rFire    . . .     SeeInvis .     - Unarmed
rCold    . . .     Gourm    .   (no shield)
rNeg     . . .     Faith    .   h - +0 leather armour (curse)
rPois    .         Spirit   .   (helmet restricted)
rElec    .         Reflect  .   i - +0 cloak
rCorr    .         Harm     .   e - +0 pair of gloves
MR       .....                  (no boots)
Stlth    +.........             (no amulet)
HPRegen  0.11/turn              (no ring)
MPRegen  0.10/turn              (no ring)

@: paralysed
A: horns 1, molten scales 1, powered by death 1
a: no special abilities


You were on level 3 of the Dungeon.
You were not hungry.

You visited 1 branch of the dungeon, and saw 3 of its levels.

You collected 54 gold pieces.

Inventory:

Missiles
 a - 30 arrows
 b - 24 stones (quivered)
Armour
 e - a +0 pair of gloves (worn)
 g - a +0 chain mail
 h - a cursed +0 leather armour (worn)
 i - a +0 cloak (worn)
Potions
 k - a potion of magic {unknown}
Books
 c - a book of Changes

   Spells                             Type                      Level
   a - Beastly Appendage              Transmutation                1
   b - Sticks to Snakes               Transmutation                2
   c - Spider Form                    Transmutation/Poison         3
   d - Ice Form                       Ice/Transmutation            4
   e - Blade Hands                    Transmutation                5
Comestibles
 d - 3 rations
 f - 6 chunks of flesh


   Skills:
 + Level 1.7 Fighting
 + Level 2.3 Dodging
 * Level 3.5 Unarmed Combat
 + Level 2.4 Spellcasting
 + Level 2.2 Transmutations


You had 4 spell levels left.
You knew the following spells:

 Your Spells              Type           Power        Failure   Level  Hunger
a - Beastly Appendage     Tmut           #.....       12%         1    #......
b - Sticks to Snakes      Tmut           #.......     17%         2    ###....


Dungeon Overview and Level Annotations

Branches:
Dungeon (3/15)

Altars:

Annotations:
D:2 Jessica, Sigmund
D:3 Grinder


Innate Abilities, Weirdness & Mutations

You have a pair of small horns on your head.
You are partially covered in molten scales. (AC +2)
You regenerate a little health from kills.


Message History

Grinder closely misses your ball python.
You hit Grinder. You headbutt Grinder, but do no damage.
Grinder is severely wounded.
Your ball python bites Grinder but does no damage.
Your ball python constricts Grinder.
Grinder gestures at you.
You suddenly lose the ability to move!
Your ball python bites Grinder but does no damage.
Your ball python constricts Grinder.
Grinder gestures at your ball python.
Your ball python writhes in agony!
Your ball python dies!
Grinder shouts!
Grinder hits you.
* * * LOW HITPOINT WARNING * * *
You writhe in agony.
* * * LOW HITPOINT WARNING * * *
Grinder hits you but does no damage. Grinder hits you.
You die...

#.###.# .. #.....#
.. #....## ..
#....# #. #....# #5
#.#.## #.
######.#.#
#.########......#.#
#...5@.....######.#
##########...####.#
###.#......#
#######.......####
........#####.#
#######...#)..#
###.#.### #...#
#####


You could see Grinder.

Vanquished Creatures
  Crazy Yiuf (D:2)
  2 adders
  A dart slug (D:2)
  A leopard gecko (D:2)
  4 orcs (D:3)
  A giant cockroach (D:1)
  5 goblins
  7 hobgoblins
  4 jackals (D:3)
  7 kobolds
  5 bats
  A frilled lizard (D:2)
  5 rats
44 creatures vanquished.

Notes
Turn   | Place    | Note
-------+----------+-------------------------------------------
     0 | D:1      | inmateoo the Demonspawn Transmuter began the quest for the Orb.
     0 | D:1      | Reached XP level 1. HP: 15/15 MP: 3/3
   194 | D:1      | Gained mutation: You regenerate a little health from kills. [demonic ancestry]
   194 | D:1      | Reached XP level 2. HP: 21/21 MP: 3/5
   374 | D:1      | Learned a level 2 spell: Sticks to Snakes
   423 | D:1      | Reached skill level 3 in Unarmed Combat
   651 | D:2      | Gained mutation: You are partially covered in molten scales. (AC +2) [demonic ancestry]
   651 | D:2      | Reached XP level 3. HP: 16/26 MP: 0/6
   801 | D:2      | Found a runed door.
   807 | D:2      | Noticed Crazy Yiuf
   944 | D:2      | Killed Crazy Yiuf
  1017 | D:2      | Noticed Jessica
  1028 | D:2      | Noticed Sigmund
  1286 | D:3      | Gained mutation: You have a pair of small horns on your head. [demonic ancestry]
  1286 | D:3      | Reached XP level 4. HP: 29/33 MP: 7/7
  1398 | D:3      | Noticed Grinder
  1420 | D:3      | Paralysed by Grinder for 5 turns
  1424 | D:3      | Slain by Grinder

Skill      XL: |  1  2 |
---------------+-------+-----
Dodging        | 2 |  2.3
Transmutations | 2 |  2.2
Unarmed Combat | 3 |  3.5
Fighting       | |  1.7
Spellcasting   | |  2.4

Action                   |  1- 3 |  4- 6 || total
-------------------------+-------+-------++-------
Melee: Unarmed           |    94 |    38 ||   132
       Kick              |     5 |     1 ||     6
       Headbutt          |     5 |     6 ||    11
       Punch             |     2 |       ||     2
 Cast: Beastly Appendage |    11 |     2 ||    13
       Sticks to Snakes  |     8 |     3 ||    11
  Use: Scroll            |     1 |       ||     1
       Potion            |     1 |     1 ||     2
  Eat: Chunk             |     1 |     2 ||     3
Armor: Robe              |     2 |       ||     2
       Leather armour    |    30 |    10 ||    40
Dodge: Dodged            |    59 |    19 ||    78
